[Event "2026 Biel Blitz Open"]
[Site "Biel, CH"]
[Date "2026.07.19"]
[Round "1"]
[White "Bu, Xiangzhi"]
[Black "Heitmann, Erik"]
[Result "1-0"]
[Board "1"]
[TimeControl "180+2"]
[WhiteFideId "8601445"]
[BlackFideId "34608940"]
[WhiteElo "2719"]
[BlackElo "1885"]
[WhiteTitle "GM"]
[WhiteClock "0:01:40"]
[BlackClock "0:00:04"]
[Variant "Standard"]
[EndDate "2026.07.19"]
[EndTime "11:47:32"]

1. Nf3 Nf6 2. c4 e6 3. g3 d5 4. Bg2 c6 5. O-O Be7 6. b3 O-O 7. Bb2 Re8 8. d3 Nbd7 9. Nbd2 Nf8 10. e4 dxe4 11. dxe4 Ng6 12. e5 Nd7 13. Ne4 Qc7 14. Qd4 c5 15. Qc3 b6 16. Nd6 Rf8 17. Rad1 f6 18. Ng5 Ndxe5 19. Nxc8 Qxc8 20. Nxe6 Re8 21. Bxa8 Qxa8 22. f4 Nc6 23. Nc7 Qc8 24. Nxe8 Qxe8 25. Qe3 Qc8 26. Rfe1 Kf7 27. Qe4 f5 28. Qd5+ Kf8 29. Re6 Nd8 30. Qxf5+ Kg8 31. Rxe7 Nxe7 32. Qxc8 Nxc8 33. Rxd8+ 1-0

[Event "2026 Biel Blitz Open"]
[Site "Biel, CH"]
[Date "2026.07.19"]
[Round "1"]
[White "Materia, Matteo"]
[Black "Safarli, Eltaj"]
[Result "0-1"]
[Board "2"]
[TimeControl "180+2"]
[WhiteFideId "45150575"]
[BlackFideId "13402129"]
[WhiteElo "1881"]
[BlackElo "2619"]
[BlackTitle "GM"]
[WhiteClock "0:00:13"]
[BlackClock "0:02:11"]
[Variant "Standard"]
[EndDate "2026.07.19"]
[EndTime "11:47:32"]

1. Nf3 Nf6 2. d4 g6 3. g3 Bg7 4. Bg2 O-O 5. O-O d5 6. b3 a5 7. a4 c6 8. Bb2 Bf5 9. Nbd2 Ne4 10. Ne5 Na6 11. Nxe4 Bxe4 12. f3 Bf5 13. e4 Be6 14. Qe2 Qb6 15. Kh1 Rfd8 16. Rad1 Rac8 17. Ba1 c5 18. dxc5 Qxc5 19. Rd2 dxe4 20. Rxd8+ Rxd8 21. Qxe4 Bf5 22. Qxb7 Bxe5 23. Bxe5 Qxe5 24. Qxa6 Bxc2 25. Qc4 Bd3 26. f4 Bxc4 27. fxe5 Bxf1 28. Bxf1 e6 29. Bc4 Rd1+ 30. Kg2 Re1 31. Kf3 Rxe5 32. h4 h5 33. Kf4 Rc5 34. Ke4 Kf8 35. Kd4 Rc7 36. Ke5 Ke7 37. Kf4 Kd6 38. g4 e5+ 39. Kg5 hxg4 40. Kxg4 Rxc4+ 41. bxc4 Kc5 42. Kg5 e4 43. Kf4 Kd4 44. c5 e3 45. c6 e2 46. c7 e1=Q 47. c8=Q Qe3 48. Kg4 f5 0-1

[Event "2026 Biel Blitz Open"]
[Site "Biel, CH"]
[Date "2026.07.19"]
[Round "1"]
[White "Amonatov, Farrukh"]
[Black "Hirt, Markus"]
[Result "1-0"]
[Board "3"]
[TimeControl "180+2"]
[WhiteFideId "14700077"]
[BlackFideId "1302582"]
[WhiteElo "2585"]
[BlackElo "1880"]
[WhiteTitle "GM"]
[WhiteClock "0:00:51"]
[BlackClock "0:00:27"]
[Variant "Standard"]
[EndDate "2026.07.19"]
[EndTime "11:47:32"]

1. e4 Nf6 2. e5 Nd5 3. d4 d6 4. c4 Nb6 5. f4 g6 6. Nc3 Bg7 7. Be3 Be6 8. d5 Bc8 9. c5 N6d7 10. Nf3 O-O 11. Bc4 Nxc5 12. O-O c6 13. Rc1 Bg4 14. Bxc5 dxc5 15. h3 Bxf3 16. Qxf3 cxd5 17. Bxd5 Nc6 18. Bxc6 bxc6 19. Rfd1 Qb6 20. Na4 Qb4 21. b3 Rad8 22. Rc4 Qa3 23. Nxc5 Qxa2 24. Nd7 Rfe8 25. Rxc6 Qa5 26. Kh2 Rc8 27. Nc5 Rxc6 28. Qxc6 Rb8 29. e6 f5 30. Rd7 Bf6 31. Qd5 Qe1 32. Rd8+ Rxd8 33. Qxd8+ Kg7 34. Nd7 Qxe6 35. Qf8# 1-0

[Event "2026 Biel Blitz Open"]
[Site "Biel, CH"]
[Date "2026.07.19"]
[Round "1"]
[White "Ghosh, Diptayan"]
[Black "Valsecchi, Luca"]
[Result "1-0"]
[Board "5"]
[TimeControl "180+2"]
[WhiteFideId "5045207"]
[BlackFideId "1368524"]
[WhiteElo "2530"]
[BlackElo "1869"]
[WhiteTitle "GM"]
[WhiteClock "0:01:16"]
[BlackClock "0:03:02"]
[Variant "Standard"]
[EndDate "2026.07.19"]
[EndTime "11:47:32"]

1. Nf3 d5 2. e3 Nf6 3. c4 e6 4. Nc3 Be7 5. b3 O-O 6. Bb2 b6 7. cxd5 exd5 8. d4 Bb7 9. Bd3 Nbd7 10. O-O a6 11. Rc1 c5 12. Ne2 Rc8 13. Ng3 Bd6 14. Qe2 a5 15. Rfd1 cxd4 16. Nxd4 Nc5 17. Bb5 Qe7 18. Ndf5 Qe6 19. Nxg7 Kxg7 20. Nh5+ Kg6 21. Nxf6 Be5 22. Bxe5 Qxe5 23. Ng4 Qh5 24. f3 Rcd8 1-0

[Event "2026 Biel Blitz Open"]
[Site "Biel, CH"]
[Date "2026.07.19"]
[Round "1"]
[White "Draude, Theo"]
[Black "Gloeckler, Christian"]
[Result "0-1"]
[Board "6"]
[TimeControl "180+2"]
[WhiteFideId "34623809"]
[BlackFideId "34608966"]
[WhiteElo "1861"]
[BlackElo "2513"]
[BlackTitle "IM"]
[WhiteClock "0:00:04"]
[BlackClock "0:01:11"]
[Variant "Standard"]
[EndDate "2026.07.19"]
[EndTime "11:47:32"]

1. e4 c5 2. Nf3 d6 3. d4 cxd4 4. Nxd4 Nf6 5. Nc3 a6 6. Bg5 Nbd7 7. Qd2 Qc7 8. O-O-O b5 9. g3 Bb7 10. Bg2 e6 11. a3 Be7 12. Rhe1 Ne5 13. Bxf6 gxf6 14. Bf1 Rc8 15. f4 Nc4 16. Bxc4 Qxc4 17. Qd3 h5 18. Nb3 Qxd3 19. Rxd3 Rc7 20. Na5 Ba8 21. Red1 Kf8 22. Na2 Bxe4 23. Rc3 Rxc3 24. Nxc3 Bf3 25. Rd3 Bg4 26. Nc6 d5 27. Kd2 h4 28. Nb8 hxg3 29. Rxg3 Rxh2+ 30. Ke3 Bc5+ 31. Kd3 Bf5+ 0-1

[Event "2026 Biel Blitz Open"]
[Site "Biel, CH"]
[Date "2026.07.19"]
[Round "1"]
[White "Aronyak Ghosh"]
[Black "Gautschi, Rudolf"]
[Result "1-0"]
[Board "7"]
[TimeControl "180+2"]
[WhiteFideId "25072846"]
[BlackFideId "1318489"]
[WhiteElo "2488"]
[BlackElo "1857"]
[WhiteTitle "IM"]
[WhiteClock "0:01:08"]
[BlackClock "0:00:07"]
[Variant "Standard"]
[EndDate "2026.07.19"]
[EndTime "11:47:32"]

1. d4 b6 2. c4 Bb7 3. Nc3 e6 4. a3 f5 5. Nf3 Nf6 6. g3 d6 7. Bg2 Be7 8. O-O O-O 9. Re1 c5 10. d5 e5 11. e4 fxe4 12. Ng5 Bc8 13. Ncxe4 Bf5 14. Ne6 Bxe6 15. dxe6 Na6 16. Nxf6+ Rxf6 17. Bg5 Rb8 18. Bxf6 Bxf6 19. Qa4 Nc7 20. Bd5 Be7 21. Rad1 a5 22. Qc2 Ne8 23. b4 axb4 24. axb4 Nf6 25. bxc5 bxc5 26. Rb1 1-0

[Event "2026 Biel Blitz Open"]
[Site "Biel, CH"]
[Date "2026.07.19"]
[Round "1"]
[White "Strebel, Beda"]
[Black "Alexakis, Dimitris"]
[Result "0-1"]
[Board "8"]
[TimeControl "180+2"]
[WhiteFideId "1366432"]
[BlackFideId "4277023"]
[WhiteElo "1856"]
[BlackElo "2459"]
[BlackTitle "GM"]
[WhiteClock "0:00:03"]
[BlackClock "0:01:22"]
[Variant "Standard"]
[EndDate "2026.07.19"]
[EndTime "11:47:32"]

1. e4 c5 2. Nf3 e6 3. c3 Nf6 4. e5 Nd5 5. d4 d6 6. exd6 cxd4 7. Nxd4 Bxd6 8. Bd3 O-O 9. O-O Nd7 10. Re1 a6 11. a4 N7f6 12. h3 Nf4 13. Bf1 Bc7 14. Qf3 Ng6 15. Bg5 h6 16. Bxf6 Qxf6 17. Qxf6 gxf6 18. Nd2 h5 19. Nc4 Bd7 20. a5 Rad8 21. Rad1 e5 22. Nf3 Ba4 23. Rxd8 Rxd8 24. g3 h4 25. Bg2 hxg3 26. fxg3 Bb5 27. Nfd2 Rd3 28. Kf2 e4 29. Bxe4 Bxg3+ 0-1

[Event "2026 Biel Blitz Open"]
[Site "Biel, CH"]
[Date "2026.07.19"]
[Round "1"]
[White "Arjun Kalyan"]
[Black "King, Alexander"]
[Result "1-0"]
[Board "9"]
[TimeControl "180+2"]
[WhiteFideId "35018701"]
[BlackFideId "1352334"]
[WhiteElo "2451"]
[BlackElo "1854"]
[WhiteTitle "GM"]
[WhiteClock "0:01:07"]
[BlackClock "0:00:06"]
[Variant "Standard"]
[EndDate "2026.07.19"]
[EndTime "11:47:32"]

1. e4 c6 2. d4 d5 3. e5 Bf5 4. h4 a6 5. h5 h6 6. Bd3 Bxd3 7. Qxd3 e6 8. Ne2 c5 9. c3 Qb6 10. O-O Nc6 11. Nd2 Nge7 12. Nf3 Nf5 13. a3 Be7 14. b4 cxd4 15. cxd4 O-O 16. g4 Nh4 17. Nxh4 Bxh4 18. Be3 f5 19. f3 Rf7 20. Nf4 Re8 21. Ng6 Bd8 22. Ra2 Ne7 23. Nf4 Ref8 24. Rg2 Kh7 25. Kh2 Kg8 26. g5 Kh7 27. g6+ Kg8 28. gxf7+ Rxf7 29. Rfg1 1-0

[Event "2026 Biel Blitz Open"]
[Site "Biel, CH"]
[Date "2026.07.19"]
[Round "1"]
[White "Freuler, Roman"]
[Black "Elmi, Saad Abobaker"]
[Result "0-1"]
[Board "10"]
[TimeControl "180+2"]
[WhiteFideId "1304283"]
[BlackFideId "1553259"]
[WhiteElo "1852"]
[BlackElo "2409"]
[BlackTitle "IM"]
[WhiteClock "0:00:05"]
[BlackClock "0:00:45"]
[Variant "Standard"]
[EndDate "2026.07.19"]
[EndTime "11:47:32"]

1. e4 c5 2. c4 Nc6 3. Nc3 g6 4. g3 Bg7 5. Bg2 d6 6. a3 Nf6 7. Nge2 O-O 8. O-O a6 9. Rb1 Nd4 10. d3 Nd7 11. Nxd4 cxd4 12. Ne2 b5 13. cxb5 axb5 14. e5 Rb8 15. exd6 e5 16. Bd2 Nc5 17. Bb4 Na6 18. Qb3 Be6 19. Qc2 Nxb4 20. axb4 Qxd6 21. Qd2 Rfc8 22. Rfc1 Bf8 23. Rc5 Rxc5 24. bxc5 Qxc5 25. Rc1 Qb4 26. Qxb4 Bxb4 27. Rc7 Kf8 28. h3 h5 29. Bf3 Bd6 30. Rc2 Bf5 31. Nc1 Bxh3 32. Nb3 Bf5 33. Rc6 Ke7 34. Be4 Bxe4 35. dxe4 Kd7 36. Rc1 Rc8 37. Ra1 Rc2 38. Ra7+ Ke6 39. Rb7 b4 40. Na5 d3 0-1

[Event "2026 Biel Blitz Open"]
[Site "Biel, CH"]
[Date "2026.07.19"]
[Round "1"]
[White "Thorfinnsson, Bjorn"]
[Black "Berezovskii, Arina"]
[Result "1-0"]
[Board "11"]
[TimeControl "180+2"]
[WhiteFideId "2300982"]
[BlackFideId "34449850"]
[WhiteElo "2396"]
[BlackElo "1851"]
[WhiteTitle "IM"]
[BlackTitle "WCM"]
[WhiteClock "0:00:25"]
[BlackClock "0:00:06"]
[Variant "Standard"]
[EndDate "2026.07.19"]
[EndTime "11:47:32"]

1. d4 Nf6 2. Nf3 e6 3. Bg5 Be7 4. e3 b6 5. Bd3 Bb7 6. Nbd2 h6 7. Bh4 O-O 8. h3 d6 9. g4 Nh7 10. Bg3 c5 11. c3 Nd7 12. Qc2 Ng5 13. Nxg5 Bxh1 14. Bh7+ Kh8 15. Bg8 f5 16. Nxe6 Qe8 17. Nxf8 Nxf8 18. Bc4 fxg4 19. hxg4 b5 20. Be2 Bb7 21. O-O-O b4 22. c4 cxd4 23. exd4 a5 24. Bf3 Bxf3 25. Nxf3 a4 26. Qe4 Rc8 27. Re1 Rxc4+ 28. Kb1 Qg6 29. Qxg6 Nxg6 30. Re6 Kh7 31. Bxd6 Bxd6 32. Rxd6 Nf4 33. Ne5 Rc7 34. Rc6 Re7 35. Rc4 Rb7 36. Kc2 h5 37. gxh5 Nxh5 38. Nd3 b3+ 39. axb3 axb3+ 40. Kc3 Nf6 41. f3 Nd5+ 42. Kd2 Re7 43. Rc5 Ne3 44. Ne5 Nf5 45. Kd3 Rb7 46. Nc4 Ne7 47. Na5 Rb8 48. Kc3 Ng6 49. Nxb3 Nf4 50. Nd2 Ne2+ 51. Kd3 Nf4+ 52. Ke4 Rxb2 53. Nc4 Rc2 54. Kxf4 g5+ 55. Kxg5 Kg7 56. d5 Rc3 57. Rc7+ Kf8 58. f4 Rd3 59. d6 Rd5+ 60. Kf6 Ke8 61. Ke6 Kd8 62. Kxd5 1-0

[Event "2026 Biel Blitz Open"]
[Site "Biel, CH"]
[Date "2026.07.19"]
[Round "1"]
[White "Haimovich, Tal"]
[Black "Rohde, Bernhard"]
[Result "1-0"]
[Board "13"]
[TimeControl "180+2"]
[WhiteFideId "2801698"]
[BlackFideId "1323016"]
[WhiteElo "2347"]
[BlackElo "1845"]
[WhiteTitle "IM"]
[WhiteClock "0:01:02"]
[BlackClock "0:01:56"]
[Variant "Standard"]
[EndDate "2026.07.19"]
[EndTime "11:47:32"]

1. Nf3 e6 2. b3 b6 3. Bb2 f5 4. c4 Nf6 5. g3 Bb7 6. Bg2 c5 7. O-O Be7 8. d4 cxd4 9. Nxd4 Bxg2 10. Kxg2 Nc6 11. Nxc6 dxc6 12. Nd2 Qc7 13. Nf3 Rd8 14. Qc2 O-O 15. Rad1 Ng4 16. Rxd8 Rxd8 17. Rd1 Bc5 18. Rxd8+ Qxd8 19. e3 Bxe3 20. Qe2 Bc5 21. Qxe6+ Kh8 22. Ng5 Nh6 23. Qxh6 Qf8 24. Qxh7# 1-0

[Event "2026 Biel Blitz Open"]
[Site "Biel, CH"]
[Date "2026.07.19"]
[Round "1"]
[White "Sharku, Burim"]
[Black "Tureshbayev, Anuar"]
[Result "0-1"]
[Board "14"]
[TimeControl "180+2"]
[WhiteFideId "551075466"]
[BlackFideId "651081709"]
[WhiteElo "1843"]
[BlackElo "2328"]
[BlackTitle "FM"]
[WhiteClock "0:01:08"]
[BlackClock "0:00:06"]
[Variant "Standard"]
[EndDate "2026.07.19"]
[EndTime "11:47:32"]

1. Nf3 Nf6 2. g3 b5 3. Bg2 Bb7 4. d4 e6 5. O-O c5 6. e3 Be7 7. b3 O-O 8. Bb2 Nc6 9. c4 bxc4 10. bxc4 cxd4 11. exd4 Rc8 12. Nbd2 Na5 13. c5 d6 14. cxd6 Bxd6 15. Nb3 Nc4 16. Rb1 Be4 17. Nbd2 Nxd2 18. Nxd2 Bxb1 19. Qxb1 Qb6 20. Qa1 Rc2 21. Bc1 Rfc8 22. Nb3 a5 23. Be3 a4 24. Nc5 Qb2 25. a3 Ng4 26. Qb1 Qxb1 27. Rxb1 Nxe3 28. fxe3 g5 29. Nxa4 Rc1+ 30. Rxc1 Rxc1+ 31. Kf2 Bxa3 32. Kf3 h5 33. h3 Kg7 34. e4 Rc4 35. Nb6 Rxd4 36. Ke3 Bc5 37. Nc8 Rd8+ 38. Kf3 Rxc8 39. e5 Rd8 40. Ke4 Rd4+ 41. Kf3 Kg6 42. Ke2 Kf5 43. Bc6 Kxe5 44. Be8 h4 45. g4 Re4+ 46. Kf3 Re3+ 47. Kg2 Rg3+ 48. Kh2 Kf4 49. Bxf7 Bg1+ 50. Kh1 Kf3 51. Bxe6 Kf2 52. Bd5 Rxh3+ 0-1

[Event "2026 Biel Blitz Open"]
[Site "Biel, CH"]
[Date "2026.07.19"]
[Round "1"]
[White "Huang,Hsuan-Chen"]
[Black "Dong, Hongfu"]
[Result "1-0"]
[Board "16"]
[TimeControl "180+2"]
[WhiteFideId "16303121"]
[BlackFideId "8626960"]
[WhiteElo "1833"]
[BlackElo "2290"]
[WhiteClock "0:00:29"]
[BlackClock "0:01:18"]
[Variant "Standard"]
[EndDate "2026.07.19"]
[EndTime "11:47:32"]

1. d4 f5 2. Nf3 Nf6 3. e3 d6 4. Bd3 g6 5. O-O Bg7 6. Re1 O-O 7. Nbd2 Nc6 8. e4 fxe4 9. Nxe4 Bg4 10. d5 Ne5 11. Neg5 Kh8 12. Nxe5 dxe5 13. f3 Bc8 14. Bc4 Nh5 15. Qe2 Qd6 16. Ne4 Qd8 17. Be3 b6 18. Rad1 Bf5 19. Nf2 Nf6 20. Bc1 Nd7 21. Nd3 a5 22. b3 a4 23. Bb2 axb3 24. axb3 Bxd3 25. Qxd3 Ra2 26. Bc3 Nc5 27. Qe2 Rf5 28. Ra1 Rxa1 29. Rxa1 Qf8 30. Bb5 h6 31. Bc6 Kh7 32. Ra8 Qf7 33. Qc4 e4 34. Be8 Qf8 35. Bxg6+ Kxg6 36. Rxf8 Rxf8 37. Bxg7 Kxg7 38. fxe4 Rf4 39. Qc3+ Kf7 40. e5 Rf5 41. e6+ Kg6 42. b4 Ne4 43. Qxc7 Rxd5 44. h3 Rd1+ 45. Kh2 Nd2 46. Qxe7 Nf1+ 47. Kg1 Ng3+ 48. Kf2 Ne4+ 49. Ke2 Nc3+ 50. Kf2 Ne4+ 51. Ke3 Re1+ 52. Kf4 Ng5 53. h4 Nxe6+ 54. Kg3 Kf5 55. Qf7+ Ke5 56. Qh5+ Ke4 57. Qxh6 Re3+ 58. Kh2 Nf4 59. Qc6+ Kf5 60. Qxb6 Re2 61. Qb5+ Kg4 62. Qxe2+ Nxe2 63. c4 Kxh4 64. b5 Nd4 65. b6 Kg4 66. c5 Kf5 67. Kh3 Ke6 68. g4 Kd5 69. b7 Nc6 70. g5 Ke6 71. Kh4 Kf7 72. Kh5 Kg7 73. g6 Nb8 74. Kg5 Nc6 75. Kf5 Nb8 76. Ke6 Kxg6 77. Kd6 Kf6 78. Kc7 Na6+ 79. Kb6 Nb8 80. c6 1-0

[Event "2026 Biel Blitz Open"]
[Site "Biel, CH"]
[Date "2026.07.19"]
[Round "1"]
[White "Omar, Noaman"]
[Black "Kutonov, Yehor"]
[Result "1-0"]
[Board "17"]
[TimeControl "180+2"]
[WhiteFideId "9300244"]
[BlackFideId "1364804"]
[WhiteElo "2274"]
[BlackElo "1805"]
[WhiteTitle "IM"]
[WhiteClock "0:00:13"]
[BlackClock "0:00:16"]
[Variant "Standard"]
[EndDate "2026.07.19"]
[EndTime "11:47:32"]

1. d4 d5 2. c4 e6 3. Nc3 Be7 4. cxd5 exd5 5. Bf4 c6 6. e3 Nf6 7. Bd3 Nbd7 8. h3 O-O 9. Nf3 Re8 10. O-O a6 11. Rb1 Bf8 12. Qc2 g6 13. b4 b5 14. Rfc1 Nb6 15. Ne5 Bb7 16. Bg5 Bg7 17. Re1 Nc4 18. Bxc4 bxc4 19. a4 Qd6 20. Bf4 Qe7 21. b5 cxb5 22. axb5 a5 23. Qa4 Nd7 24. Nc6 Qe6 25. e4 Nb6 26. Qc2 dxe4 27. Rxe4 Qd7 28. Rbe1 Bxc6 29. bxc6 Qxc6 30. d5 Qd7 31. Be5 f6 32. Bd4 Rxe4 33. Qxe4 Nc8 34. d6 Nxd6 35. Qxa8+ 1-0

[Event "2026 Biel Blitz Open"]
[Site "Biel, CH"]
[Date "2026.07.19"]
[Round "1"]
[White "Jelicic, Hugo"]
[Black "Kukushkin, Ivan"]
[Result "0-1"]
[Board "18"]
[TimeControl "180+2"]
[WhiteFideId "1349040"]
[BlackFideId "11634103"]
[WhiteElo "1804"]
[BlackElo "2265"]
[BlackTitle "FM"]
[WhiteClock "0:00:27"]
[BlackClock "0:02:05"]
[Variant "Standard"]
[EndDate "2026.07.19"]
[EndTime "11:47:32"]

1. d4 d5 2. Nf3 Nf6 3. Bf4 e6 4. e3 c5 5. c3 Nc6 6. Nbd2 Nh5 7. Bg5 f6 8. Bh4 g6 9. Bd3 Be7 10. Qc2 c4 11. Be2 Ng7 12. e4 O-O 13. O-O g5 14. Bg3 f5 15. exd5 exd5 16. Be5 g4 17. Ne1 Nxe5 18. dxe5 f4 19. f3 Bc5+ 0-1

[Event "2026 Biel Blitz Open"]
[Site "Biel, CH"]
[Date "2026.07.19"]
[Round "1"]
[White "Cao, Qingfeng"]
[Black "Zumbrunn, Simon"]
[Result "1-0"]
[Board "19"]
[TimeControl "180+2"]
[WhiteFideId "8627568"]
[BlackFideId "1364146"]
[WhiteElo "2264"]
[BlackElo "1802"]
[WhiteTitle "IM"]
[WhiteClock "0:00:09"]
[BlackClock "0:00:12"]
[Variant "Standard"]
[EndDate "2026.07.19"]
[EndTime "11:47:32"]

1. d4 Nf6 2. c4 c5 3. d5 g6 4. Nc3 Bg7 5. Nf3 d6 6. g3 O-O 7. Bg2 Bg4 8. O-O Na6 9. Nd2 Nc7 10. a4 a6 11. a5 Bd7 12. e4 Rb8 13. f4 e6 14. Nf3 exd5 15. cxd5 Re8 16. Re1 Bb5 17. h3 h5 18. Kh2 Nd7 19. Bd2 c4 20. Nxb5 axb5 21. Bc3 Nc5 22. Bxg7 Kxg7 23. Qd4+ Kg8 24. e5 Nb3 25. Qe4 Nxa1 26. Rxa1 Na6 27. e6 Nc5 28. Qc2 Qf6 29. Ng5 fxe6 30. dxe6 Nd3 31. Be4 Nxf4 32. h4 Nd3 33. Rd1 Qf2+ 34. Qxf2 Nxf2 35. Rxd6 Nxe4 36. Nxe4 Re7 37. Rb6 Rbe8 38. Ng5 Kg7 39. Rxb5 Kf6 40. Rb6 Rc8 41. Kg2 c3 42. bxc3 Rxc3 43. Ne4+ Ke5 44. Nxc3 Rxe6 45. Rxe6+ Kxe6 46. Kf3 Ke5 47. Ke3 Kf5 48. Ne4 Ke5 49. Nc5 Kf5 50. Nxb7 Kg4 51. Ke4 1-0

[Event "2026 Biel Blitz Open"]
[Site "Biel, CH"]
[Date "2026.07.19"]
[Round "1"]
[White "Ling, Chenxuan"]
[Black "Hajduk, Tomasz"]
[Result "1-0"]
[Board "21"]
[TimeControl "180+2"]
[WhiteFideId "30983118"]
[BlackFideId "21811415"]
[WhiteElo "2235"]
[BlackElo "1791"]
[WhiteTitle "CM"]
[WhiteClock "0:02:05"]
[BlackClock "0:01:41"]
[Variant "Standard"]
[EndDate "2026.07.19"]
[EndTime "11:47:32"]

1. h3 e5 2. e3 d5 3. d4 exd4 4. exd4 Nf6 5. Bd3 Nc6 6. Ne2 Bd6 7. O-O O-O 8. c3 Re8 9. Bf4 Ne7 10. Nd2 Ng6 11. Bxd6 Qxd6 12. Nf3 Nf4 13. Nxf4 Qxf4 14. Qd2 Qd6 15. Rfe1 Bd7 16. Ne5 b6 17. Re3 c5 18. Rae1 Bc6 19. Rg3 Ne4 20. Bxe4 dxe4 21. Qg5 g6 22. Ng4 Re6 23. Nh6+ Kf8 24. Ng4 Rae8 25. dxc5 bxc5 26. Qh6+ Kg8 27. Ne3 Qd2 28. Rd1 Qxb2 29. Nf5 1-0

[Event "2026 Biel Blitz Open"]
[Site "Biel, CH"]
[Date "2026.07.19"]
[Round "1"]
[White "Delesenne, Arthur"]
[Black "Fogo Esquivel, Levi Kalani Alexander"]
[Result "0-1"]
[Board "22"]
[TimeControl "180+2"]
[WhiteFideId "276979"]
[BlackFideId "5183189"]
[WhiteElo "1789"]
[BlackElo "2219"]
[BlackTitle "FM"]
[WhiteClock "0:00:12"]
[BlackClock "0:01:03"]
[Variant "Standard"]
[EndDate "2026.07.19"]
[EndTime "11:47:32"]

1. e4 e5 2. Nf3 d5 3. exd5 e4 4. Qe2 Nf6 5. d3 Qxd5 6. Nc3 Bb4 7. Bd2 Bxc3 8. Bxc3 O-O 9. dxe4 Nxe4 10. Rd1 Qf5 11. Qe3 Nxc3 12. Qxc3 Re8+ 13. Be2 Nc6 14. Rd2 Qb5 15. Qd3 Qxb2 16. O-O Bg4 17. c4 Qf6 18. Qb3 b6 19. h3 Bh5 20. Bd1 Rad8 21. Rxd8 Rxd8 22. g4 Bg6 23. Qe3 h6 24. Re1 Rd3 25. Qe8+ Kh7 26. Kg2 Rd8 27. Qe3 Rd3 28. Qe8 Rd6 29. Ne5 Nxe5 30. Qxe5 Qxe5 31. Rxe5 Rxd1 0-1

[Event "2026 Biel Blitz Open"]
[Site "Biel, CH"]
[Date "2026.07.19"]
[Round "1"]
[White "Rohrer, Christophe"]
[Black "Trubini, Timon"]
[Result "1-0"]
[Board "23"]
[TimeControl "180+2"]
[WhiteFideId "1326546"]
[BlackFideId "1347799"]
[WhiteElo "2216"]
[BlackElo "1788"]
[WhiteTitle "FM"]
[WhiteClock "0:01:46"]
[BlackClock "0:01:40"]
[Variant "Standard"]
[EndDate "2026.07.19"]
[EndTime "11:47:32"]

1. e4 d5 2. exd5 Qxd5 3. Nc3 Qd8 4. d4 Nf6 5. Nf3 Bg4 6. h3 Bh5 7. g4 Bg6 8. Ne5 e6 9. Bg2 c6 10. O-O Nbd7 11. Qe2 Nxe5 12. dxe5 Nd5 13. Ne4 Be7 14. c4 Nb6 15. Rd1 Qc7 16. Nd6+ Bxd6 17. exd6 Qd7 18. c5 Nd5 19. Bxd5 cxd5 20. Rxd5 O-O 21. Rd1 Qc6 22. b4 Be4 23. b5 Bf3 24. bxc6 Bxe2 25. Rd2 Bf3 26. c7 Bc6 27. d7 Bxd7 28. Rxd7 Rac8 29. Bf4 b6 30. c6 h6 31. Rad1 Kh7 32. Rd8 1-0

[Event "2026 Biel Blitz Open"]
[Site "Biel, CH"]
[Date "2026.07.19"]
[Round "1"]
[White "Gautier, Anand"]
[Black "Boyer, Jean-Francois"]
[Result "1-0"]
[Board "25"]
[TimeControl "180+2"]
[WhiteFideId "26010186"]
[BlackFideId "650226"]
[WhiteElo "2198"]
[BlackElo "1777"]
[WhiteTitle "FM"]
[WhiteClock "0:02:09"]
[BlackClock "0:00:58"]
[Variant "Standard"]
[EndDate "2026.07.19"]
[EndTime "11:47:32"]

1. e4 e5 2. Nf3 Nc6 3. Bc4 Nf6 4. d3 Be7 5. O-O O-O 6. a4 d6 7. a5 b6 8. a6 Bg4 9. h3 Bxf3 10. Qxf3 Nd4 11. Qd1 b5 12. Ba2 c5 13. Bg5 h6 14. Bxf6 Bxf6 15. Nc3 b4 16. Nd5 Rb8 17. Bc4 Nc6 18. Kh1 g5 19. Qh5 Bg7 20. Ne3 Ne7 21. Ng4 Kh7 22. Bxf7 Rxf7 23. Qxf7 Ng6 24. Ne3 h5 25. Nf5 Qf6 26. Qxa7 Rf8 27. Qxg7+ Qxg7 28. Nxg7 Kxg7 29. a7 Ra8 30. Ra6 Nf8 31. Rfa1 Kf7 32. Rb6 Nd7 33. Rxd6 Ke7 34. Rg6 g4 35. hxg4 hxg4 36. Rxg4 Kd6 37. g3 Kc7 38. Kg2 Nb6 39. Rg7+ Nd7 40. f4 exf4 41. gxf4 1-0

[Event "2026 Biel Blitz Open"]
[Site "Biel, CH"]
[Date "2026.07.19"]
[Round "1"]
[White "Tcheau, Alain"]
[Black "Schweizer, Simon"]
[Result "1-0"]
[Board "26"]
[TimeControl "180+2"]
[WhiteFideId "1306014"]
[BlackFideId "1325361"]
[WhiteElo "1777"]
[BlackElo "2182"]
[WhiteClock "0:00:27"]
[BlackClock "0:01:16"]
[Variant "Standard"]
[EndDate "2026.07.19"]
[EndTime "11:47:32"]

1. d4 Nf6 2. c3 d5 3. Nf3 g6 4. Bf4 Bg7 5. h3 O-O 6. e3 c5 7. Bd3 Nc6 8. O-O Nd7 9. Bg3 e5 10. dxe5 Ndxe5 11. Be2 Be6 12. Nbd2 Re8 13. Nxe5 Nxe5 14. Nf3 Nc6 15. Qc2 a6 16. a3 Qe7 17. Rad1 Rac8 18. Qb1 h6 19. Rfe1 g5 20. Bf1 f5 21. Nd2 Qf8 22. Bd3 Ne5 23. Be2 b5 24. Bh5 Red8 25. f4 Nc6 26. Nf3 Bf6 27. Ne5 Nxe5 28. fxe5 Be7 29. Be2 Qg7 30. Bd3 Rf8 31. Rf1 Qg6 32. Bh2 g4 33. hxg4 Qxg4 34. Rf3 Kh8 35. Rdf1 Rg8 36. Qc2 Rcf8 37. Bf4 Bg5 38. Rg3 Bxf4 39. Rxg4 Bxe3+ 40. Kh1 Rxg4 41. Rf3 f4 42. Rh3 Kg7 43. Be2 Rg5 44. Bf3 Rxe5 45. Qd3 Bxh3 46. gxh3 c4 47. Qe2 Rg5 48. Bg4 Kf6 49. Qf3 Rfg8 50. Qe2 Ke5 51. Qc2 h5 52. Bf3 Rg1+ 53. Kh2 Rc1 54. Qh7 Rc2+ 55. Qxc2 Rg7 56. Qd1 h4 57. Qxd5+ Kf6 58. Bg4 Re7 59. Qf5+ Kg7 60. Bh5 Kg8 61. Qc8+ Kg7 62. Qxa6 Rd7 63. Qg6+ Kf8 64. Kg2 Rd2+ 65. Kf3 Rf2+ 66. Ke4 Ke7 67. Qf7+ Kd6 68. Qd5+ Kc7 69. Qxb5 Kd6 70. Qxc4 Rd2 71. Qb4+ Ke6 72. Bg4+ Kf6 73. Qb7 Rd6 74. a4 Bc1 75. b4 Bd2 76. Qc8 1-0

[Event "2026 Biel Blitz Open"]
[Site "Biel, CH"]
[Date "2026.07.19"]
[Round "1"]
[White "Liu, Bei"]
[Black "Damen, Josephine"]
[Result "1-0"]
[Board "27"]
[TimeControl "180+2"]
[WhiteFideId "8603596"]
[BlackFideId "1074369"]
[WhiteElo "2170"]
[BlackElo "1766"]
[BlackTitle "WCM"]
[WhiteClock "0:01:12"]
[BlackClock "0:03:02"]
[Variant "Standard"]
[EndDate "2026.07.19"]
[EndTime "11:47:32"]

1. e4 e5 2. Nf3 Nc6 3. Bc4 Nf6 4. Ng5 d5 5. exd5 Na5 6. Bb5+ c6 7. dxc6 bxc6 8. Bd3 h6 9. Ne4 Nd5 10. O-O Nf4 11. Be2 Be7 12. d3 O-O 13. Bxf4 exf4 14. Nbc3 f5 15. Nd2 Rb8 16. Nb3 Nb7 17. d4 Nd6 18. Bf3 Qc7 19. Re1 Bf6 20. Rb1 g5 21. h3 Rf7 22. Nc5 Rg7 23. Ne6 Bxe6 24. Rxe6 Rf8 25. Qe2 Nf7 26. Qd1 1-0

[Event "2026 Biel Blitz Open"]
[Site "Biel, CH"]
[Date "2026.07.19"]
[Round "1"]
[White "Schaefer, Gion"]
[Black "Fernandes Barbosa Dos Santos, Gabriel"]
[Result "0-1"]
[Board "28"]
[TimeControl "180+2"]
[WhiteFideId "1362097"]
[BlackFideId "1354388"]
[WhiteElo "1763"]
[BlackElo "2167"]
[BlackTitle "CM"]
[WhiteClock "0:03:02"]
[BlackClock "0:00:07"]
[Variant "Standard"]
[EndDate "2026.07.19"]
[EndTime "11:50:18"]

1. e4 c5 2. Nf3 d6 3. d4 cxd4 4. Nxd4 Nf6 5. Nc3 g6 6. Be2 Bg7 7. O-O O-O 8. Re1 Nc6 9. Nb3 Be6 10. h3 d5 11. exd5 Nxd5 12. Nxd5 Bxd5 13. c3 e5 14. Be3 f5 15. Bf3 e4 16. Be2 f4 17. Bc5 f3 18. Bf1 Re8 19. Qc2 fxg2 20. Bxg2 Qg5 21. Be3 Qh4 22. Rad1 Rad8 23. Qc1 h6 24. Bf4 Ne5 25. Bg3 Qf6 26. Qe3 Qf7 27. Nd4 Kh7 28. Qf4 Qg8 29. Bxe4 Bxe4 30. Rxe4 Rf8 31. Qe3 Rde8 32. Bxe5 Qd5 33. Bxg7 Rxe4 34. Qd3 Kxg7 35. Nf3 0-1